cohdb
Replays
Latest Replays
All Replays
Popular Replays
Top Player Replays
Match Explorer
How It Works
Community
CoH3 Stats
Reddit
Sign in to upload your games and track your stats! →
Sign in with Steam
Match 41290143
Unlisted
Match 41290143
Overview
Messages
Build Orders
End
Construct Section Command Post
Construct Section Command Post
Vickers Machine Gun Team
Selects Canadian Shock Battlegroup
Infantry Section
Infantry Section
Dingo Light Scout Car
Construct Platoon Command Post
Royal Engineer Section
Selects Attacking Spirit
6-pounder Anti-tank Gun Team
Selects Canadian Shock Section
Selects Incendiary Munitions
Grenade Package
Canadian Shock Section
Unlock Bishop Self-propelled Artillery
Bishop Self-propelled Artillery
Infantry Training
Bishop Self-propelled Artillery
Infantry Section
Construct Field Infirmary
Selects Pyrotechnics
Construct Company Command Post
Unlock M3 Grant Medium Tanks
Foot Guards Section
M3 Grant Medium Tank
Tango
Turtleboy
GoonLord
Narobit
RKWO
joy0407
검은깊은
8Bit
0
0
Comments
sign in to comment!
No comments posted yet!